 Dungeon Crawl Stone Soup version 0.30-a0-847-g17996783a1 (webtiles) character file.

Game seed: 4388363028887400604

269 cforsyth the Sneak (level 6, 0/38 HPs)
             Began as a Kobold Brigand on Mar 3, 2023.
             Slain by an orc
             ... wielding a +0 morningstar
              (3 damage)
             ... on level 3 of the Dungeon.
             The game lasted 00:02:08 (1717 turns).

cforsyth the Sneak (Kobold Brigand)                 Turns: 1717, Time: 00:02:09

Health: 0/38       AC:  4    Str:  9    XL:     6   Next: 46%
Magic:  6/6        EV: 16    Int: 12    God:
Gold:   69         SH:  0    Dex: 18    Spells: 5/5 levels left

rFire   . . .      SeeInvis .    g - +3 short sword (elec)
rCold   . . .      Faith    .    (no shield)
rNeg    . . .      Spirit   .    b - +0 robe
rPois   .          Reflect  .    (no helmet)
rElec   .          Rampage  .    c - +0 cloak
rCorr   .                        (no gloves)
Will    .....                    o - +0 pair of boots
Stlth   +++++                    (no amulet)
HPRegen 0.26/turn                (no ring)
MPRegen 0.10/turn                (no ring)

@: lethally poisoned (0 -> -10)
A: small, no large weapons, nightstalker 3
a: no special abilities


You were on level 3 of the Dungeon.
You visited 1 branch of the dungeon, and saw 3 of its levels.

You collected 69 gold pieces.

Inventory:

Hand Weapons
 a - a +2 dagger
 g - a +3 short sword of electrocution (weapon)
Missiles
 d - 11 poisoned darts (quivered)
 e - 3 curare-tipped darts
Armour
 b - a +0 robe (worn)
 c - a +0 cloak (worn)
 o - a +0 pair of boots (worn)
Jewellery
 f - a ring of willpower
 r - a ring of magical power
Scrolls
 j - a scroll of fog {unknown}
 k - a scroll of identify {unknown}
 l - a scroll of poison {unknown}
 m - a scroll of vulnerability {unknown}
 p - a scroll of teleportation {unknown}
Potions
 h - a potion of flight {unknown}
 i - a potion of brilliance {unknown}
 n - a potion of heal wounds {unknown}
 s - a potion of degeneration {unknown}
 t - a potion of attraction {unknown}
 u - a potion of cancellation {unknown}


   Skills:
 + Level 3.9 Fighting
 + Level 4.7 Short Blades
 - Level 2.1 Throwing
 + Level 3.6 Dodging
 + Level 6.8 Stealth


You had 5 spell levels left.
You didn't know any spells.
Your spell library was empty.

Dungeon Overview and Level Annotations

Branches:
Dungeon (3/15)

Altars:

Shops:
D:1 !   D:2 *


Innate Abilities, Weirdness & Mutations

You are small and have problems with some larger weapons.
You are completely attuned to the shadows.


Message History

An orc comes into view. It is wielding a +0 morningstar.
The orc hits you from afar with a +4 trident of venom.
You are poisoned.
You puncture the orc priest!
You kill the orc priest!
You feel sick.
The orc hits you from afar with a +4 trident of venom.
An orc priest comes into view. It is wielding a +0 club.
You feel sick.
The orc priest miscasts a cantrip.
There is an open door here.
The orc wizard shouts!
You hit the orc.
The orc is almost dead.
You feel sick.
The orc wizard mumbles some strange words.
The orc wizard flickers and vanishes!
Deactivating autopickup; reactivate with Ctrl-A.
The orc closely misses you.
You are too injured to fight recklessly!
You are too injured to fight recklessly!
You are too injured to fight recklessly!
You are too injured to fight recklessly!
You are too injured to fight recklessly!
You are too injured to fight recklessly!
You are too injured to fight recklessly!
You are too injured to fight recklessly!
You feel sick. The orc completely misses you.
You feel sick. The orc attacks as you move away!
The orc hits you with a +0 morningstar!
* * * LOW HITPOINT WARNING * * *
You feel sick. The orc attacks as you move away! The orc barely misses you.
You feel sick.
You feel sick.
It was a potion of curing.
You feel better.
The orc hits you from afar with a +4 trident of venom.
* * * LOW HITPOINT WARNING * * *
You are lethally poisoned!
The orc hits you with a +0 morningstar.
You die...

.......... ...........
.....)#o... .....)'...>. .
.....o##.....
#.##+#.........
.#.#..o.........
.....o..#.......
....@...#.......
........#...#...
.................
.............†...
....##...........
.......#.##.†....
...................#.......
...............<..#.........
..................#.........


You could see an orc priest and 2 orcs.

Vanquished Creatures
  Sigmund (D:2)
  An orc priest (D:3)
  3 adders
  2 worms (D:2)
  3 dart slugs (D:2)
  2 ball pythons
  4 bats
  7 endoplasms
  A giant cockroach (D:3)
  4 goblins
  5 hobgoblins
  3 quokkas
  2 frilled lizards
  4 kobolds
  3 rats
45 creatures vanquished.

Notes
Turn   | Place    | Note
-------+----------+-------------------------------------------
     0 | D:1      | cforsyth the Kobold Brigand began the quest for the Orb.
     0 | D:1      | Reached XP level 1. HP: 12/12 MP: 1/1
   179 | D:1      | Reached XP level 2. HP: 18/18 MP: 2/2
   330 | D:1      | Found Nyadwus's Distillery.
   995 | D:2      | Noticed Sigmund
   999 | D:2      | Killed Sigmund
  1000 | D:2      | Reached skill level 6 in Stealth
  1000 | D:2      | Reached XP level 3. HP: 23/23 MP: 3/3
  1000 | D:2      | Reached XP level 4. HP: 28/28 MP: 4/4
  1000 | D:2      | Reached XP level 5. HP: 32/32 MP: 5/5
  1046 | D:2      | Found Yfoi's General Store.
  1163 | D:2      | Reached XP level 6. HP: 37/37 MP: 6/6
  1717 | D:3      | Slain by an orc

Illustrated notes

Levels and vault maps discovered:
D:1:      reono_arrival_forest_river, layout_basic, serial_shops,
          nicolae_shop_advertising_works [nicolae_subvault_shop_adworks]
D:2:      layout_rooms, serial_shops, nicolae_shop_hallway_stairs,
          serial_park_tiny_1, uniq_sigmund
D:3:      layout_basic, serial_undead, serial_undead_e, serial_undead_d,
          serial_undead_b, serial_undead_f, serial_undead_c, serial_undead_c,
          serial_undead_d, serial_undead_b, serial_undead_a, serial_undead_f,
          kennysheep_boxes, uniq_grinder

Skill      XL: |  1  2 |
---------------+-------+-----
Short Blades   | 4 |  4.7
Fighting       | 3 |  3.9
Dodging        | 3 |  3.6
Stealth        | 6 |  6.8
Throwing       | |  2.1

Action                     |  1- 3 |  4- 6 || total
---------------------------+-------+-------++-------
  Melee: Dagger            |    15 |       ||    15
         Short sword       |    12 |    61 ||    73
    Use: Potion            |       |     1 ||     1
   Stab: Sleeping          |     7 |    11 ||    18
 Armour: Robe              |     1 |     2 ||     3
  Dodge: Dodged            |     8 |    25 ||    33

Table legend: (Time is in decaauts)
 A = Elapsed time spent in this place.
 B = Non-inter-level travel time spent in this place.
 C = Inter-level travel time spent in this place.
 D = Time resting spent in this place.
 E = Time spent auto-exploring this place.
 F = Levels seen in this place.
 G = Mean time per level.
                   A        B        C        D        E       F      G
               +--------+--------+--------+--------+--------+-----+--------+
         Total |   1719 |   1562 |    157 |      0 |   1326 |   3 |  573.0 |
       Dungeon |   1719 |   1562 |    157 |      0 |   1326 |   3 |  573.0 |
               +--------+--------+--------+--------+--------+-----+--------+

Top non-repeatable levels by time:
     D:1: 1072 daAuts
     D:2: 554 daAuts
     D:3: 92 daAuts
